 Dungeon Crawl Stone Soup version 0.17-a0-1920-gafa4d75 (webtiles) character file.

212 mcbry74 the Sneak (level 6, 0/36 HPs)
             Began as a Kobold Assassin on Sept 27, 2015.
             Killed by nerve-wracking pain
             ... invoked by an orc priest
              (9 damage)
             ... on level 3 of the Dungeon.
             The game lasted 00:27:05 (3857 turns).

mcbry74 the Sneak (Kobold Assassin)                 Turns: 3857, Time: 00:27:05

Health: 0/36       AC:  5    Str: 10      XL:     6   Next: 14%
Magic:  6/6        EV: 15    Int:  9      God:    Xom [*.....]
Gold:   137        SH:  0    Dex: 16 (19) Spells: 0 memorised, 5 levels left

rFire  . . .     SeeInvis .     q - +1 dagger (chaos)
rCold  . . .     Clarity  .     c - +0 robe
rNeg   . . .     SustAt   .     (shield restricted)
rPois  .         Gourm    .     o - +1 helmet
rElec  .         Spirit   .     d - +0 cloak
rCorr  .         Warding  .     (no gloves)
rMut   .         Stasis   .     (no boots)
MR     .....                    (no amulet)
Stlth  ++++......               (no ring)
                                (no ring)

@: not resistant to hostile enchantments, stealthy
A: carnivore 3
a: Renounce Religion


You were on level 3 of the Dungeon.
You worshipped Xom.
You were a special plaything of Xom.
You were not hungry.

You visited 1 branch of the dungeon, and saw 3 of its levels.

You collected 137 gold pieces.

Inventory:

Hand weapons
 a - a +2 dagger
 b - a +0 blowgun
 m - a +0 short sword of draining
 q - a +1 dagger of chaos (weapon)
Missiles
 e - 19 poisoned needles
 f - a curare-tipped needle
Armour
 c - a +0 robe (worn)
 d - a +0 cloak (worn)
 o - a +1 helmet (worn)
Magical devices
 s - a wand of fire (10)
Scrolls
 n - 2 scrolls of remove curse
 p - a scroll of enchant armour
Potions
 i - a potion of degeneration
 r - a potion of brilliance {unknown}
 t - a potion of curing {unknown}
Comestibles
 g - 3 meat rations
 h - 2 chunks of flesh
 l - 2 beef jerkies
 u - a slice of pizza


   Skills:
 + Level 2.6 Fighting
 + Level 3.6 Short Blades
 + Level 3.9 Throwing
 + Level 2.7 Dodging
 + Level 7.9 Stealth


You had 5 spell levels left.
You didn't know any spells.

Dungeon Overview and Level Annotations

Branches:
Dungeon (3/15)

Altars:
Ashenzari
Okawaru
Xom

Annotations:
Abyss:1 Ijyb


Innate Abilities, Weirdness & Mutations

You are small and have problems with some larger weapons.
You are carnivorous and can eat meat at any time.


Message History

You barely miss something. The orc misses you.
You miss something.
You hear something mumble some strange prayers to Beogh against you.
Pain shoots through your body!
You completely miss something. The orc hits you with a whip.
Something hits you.
* * * LOW HITPOINT WARNING * * *
You hit the orc. You burn the orc.
The orc is heavily wounded.
The orc hits you but does no damage.
You hit the orc. You burn the orc.
You kill the orc!
You hit something but do no damage.
You catch a glimpse of the back of your own head.
Something barely misses you.
You miss something.
You hear something invoke the aid of Beogh against you.
Pain shoots through your body!
You die... "This toy is broken."

,,,,,,,,,**,,,,,,,,...#.#
**************,,,,,...,,*********
*,,,,,,,,,,+,,,,,,,*
*,,,,,,,,,,*******,* ************
*,* *,* *,* ################# *,*
#.....)@........# *,,
#.....#########.# *** #...(.+,*,*
#.# #.....*,*,* #.# #.....*,,,*
#.# #.....***** #.# #.....* #.#
######* #.# ## #.# #.


There were no monsters in sight!

Vanquished Creatures
  7 adders
  2 gnolls (D:2)
  An ooze (D:1)
  5 worms (D:2)
  4 giant geckos
  5 orcs (D:3)
  A ball python (D:3)
  14 bats
  3 giant cockroaches
  6 goblins
  9 hobgoblins
  3 jackals (D:1)
  12 kobolds
  6 giant newts
  4 rats
  A plant (D:2)
83 creatures vanquished.

Notes
Turn   | Place    | Note
--------------------------------------------------------------
     0 | D:1      | mcbry74 the Kobold Assassin began the quest for the Orb.
     0 | D:1      | Reached XP level 1. HP: 12/12 MP: 1/1
    93 | D:1      | Reached XP level 2. HP: 17/17 MP: 2/2
   192 | D:1      | Reached skill level 6 in Stealth
   600 | D:1      | Reached XP level 3. HP: 21/21 MP: 3/3
  1086 | D:1      | You fall through a shaft!
  1187 | D:2      | Reached XP level 4. HP: 14/26 MP: 4/4
  1549 | D:2      | Found a shimmering altar of Xom.
  1563 | D:2      | Became a worshipper of Xom of Chaos
  1572 | D:2      | XOM: silly message
  1585 | D:2      | Reached skill level 7 in Stealth
  1784 | D:2      | XOM: harmless Pois miscast
  1906 | D:2      | Found an iron altar of Okawaru.
  2050 | D:2      | Reached XP level 5. HP: 30/30 MP: 5/5
  2060 | D:2      | Found a shattered altar of Ashenzari.
  2354 | D:2      | XOM: divination: detect items
  3214 | D:3      | Noticed Ijyb
  3222 | D:3      | XOM: silly message
  3232 | D:3      | Banished Ijyb
  3232 | D:3      | Reached XP level 6. HP: 36/36 MP: 6/6
  3503 | D:3      | XOM: mild Pois miscast
  3857 | D:3      | Killed from afar by an orc priest

Vault maps used:
D:1:      eino_arrival_cavern_a, feat_on_display
D:2:      tgw_xom, lemuel_crystal_altar, serial_forest,
          infiniplex_forest_corner_2, infiniplex_forest_end_3,
          infiniplex_forest_clump_cross, infiniplex_forest_clump_diagonal,
          infiniplex_forest_straight_3, infiniplex_forest_clump_curved,
          infiniplex_forest_end_1, infiniplex_forest_clump_C, okawaru_gym_becter
D:3:      lemuel_doored_altar, first_bread, uniq_iyjb

Action                   |  1- 3 |  4- 6 || total
-------------------------+-------+-------++-------
Melee: Dagger            |    16 |    63 ||    79
       Short sword       |    30 |   140 ||   170
 Fire: Blowgun           |    34 |     7 ||    41
  Use: Scroll            |       |     7 ||     7
       Potion            |       |     2 ||     2
 Stab: Sleeping          |    14 |    13 ||    27
       Distracted        |     1 |     2 ||     3
       Invisible         |       |     1 ||     1
       Confused          |       |     1 ||     1
  Eat: Chunk             |     4 |     8 ||    12
